 Dungeon Crawl Stone Soup version 0.29-a0-378-gc08b2e8bf8 (webtiles) character file.

Game seed: 15015500616061128282

41300 Bruhh the Protected (level 14, -7/99 HPs)
             Began as a Human Monk on May 5, 2022.
             Was the Champion of Nemelex Xobeh.
             Mangled by a dream sheep (26 damage)
             ... on level 6 of the Lair of Beasts.
             The game lasted 00:50:11 (21838 turns).

Bruhh the Protected (Human Monk)                   Turns: 21838, Time: 00:50:12

Health: -7/99      AC: 25    Str: 16    XL:     14   Next: 49%
Magic:  21/21      EV:  2    Int: 11    God:    Nemelex Xobeh [******]
Gold:   1086       SH:  0    Dex: 16    Spells: 13/13 levels left

rFire   + + .      SeeInvis +   p - +10 morningstar "Odghi Xoetz" {vamp, rF+ SInv}
rCold   . . .      Faith    .   k - +1 kite shield
rNeg    . . .      Spirit   .   X - +2 plate armour {rF+}
rPois   .          Reflect  .   e - +0 helmet
rElec   .          Harm     .   t - +0 cloak
rCorr   .          Rampage  .   (no gloves)
Will    +....                   (no boots)
Stlth   ..........              (no amulet)
HPRegen 0.26/turn               d - +4 ring of protection
MPRegen 0.17/turn               i - +4 ring of slaying

@: mighty, sleeping
A: iridescent scales 1, frail 1
a: Renounce Religion, Draw Escape, Draw Destruction, Draw Summoning, Triple
Draw, Deal Four, Stack Five


You were on level 6 of the Lair of Beasts.
You worshipped Nemelex Xobeh.
Nemelex Xobeh was exalted by your worship.
You visited 2 branches of the dungeon, and saw 17 of its levels.
You also visited: Volcano.

You collected 1086 gold pieces.

Inventory:

Hand Weapons
 p - the +10 morningstar "Odghi Xoetz" (weapon) {vamp, rF+ SInv}
   (You acquired it on level 10 of the Dungeon)

   It occasionally heals its wielder for a portion of the damage dealt when it
   wounds a living foe.
   rF:        It protects you from fire.
   SInv:      It lets you see invisible.
 A - a +0 hand axe of flaming
 V - a +4 broad axe
Armour
 e - a +0 helmet (worn)
 k - a +1 kite shield (worn)
 t - a +0 cloak (worn)
 K - a +0 troll leather armour
 X - a +2 plate armour of fire resistance (worn)
Jewellery
 d - a +4 ring of protection (left hand)
 i - a +4 ring of slaying (right hand)
 o - a ring of see invisible
 I - a ring of willpower
 Q - an amulet of magic regeneration
 T - a +4 ring of protection
Wands
 v - a wand of acid (10)
 C - a wand of iceblast (9)
 J - a wand of paralysis (3)
 N - a wand of charming (11)
 P - a wand of polymorph (6)
 R - a wand of mindburst (8)
Scrolls
 a - 3 scrolls of silence
 b - 2 scrolls of brand weapon {unknown}
 c - 3 scrolls of amnesia
 g - 3 scrolls of teleportation
 l - 5 scrolls of identify
 r - a scroll of enchant weapon
 s - 2 scrolls of torment
 x - 9 scrolls of immolation
 z - 2 scrolls of vulnerability
 G - a scroll of poison
 W - a scroll of fear
Potions
 f - 2 potions of mutation
 h - a potion of ambrosia
 j - 2 potions of flight
 m - 4 potions of attraction
 n - 5 potions of curing
 q - 2 potions of might
 u - 3 potions of haste {unknown}
 w - 3 potions of cancellation {unknown}
 B - 3 potions of resistance {unknown}
 D - 3 potions of berserk rage {unknown}
 F - 2 potions of degeneration {unknown}
 L - 2 potions of brilliance {unknown}
 M - 5 potions of invisibility {unknown}
 S - 4 potions of lignification {unknown}
 Z - a potion of magic {unknown}
Miscellaneous
 Y - a phial of floods


   Skills:
 - Level 10.0 Fighting
 - Level 9.7(11.0) Axes
 + Level 8.3(10.3) Maces & Flails
 - Level 10.8 Armour
 - Level 3.0 Dodging
 - Level 3.0 Stealth
 - Level 10.0 Shields
 - Level 10.3 Invocations
 + Level 7.1 Evocations


You had 13 spell levels left.
You didn't know any spells.
Your spell library contained the following spells:

 Spells                   Type           Power      Damage    Failure   Level
 Freeze                   Ice            0%         1d3       100%        1
 Sting                    Tmut/Pois      0%         1d3       100%        1
 Summon Small Mammal      Summ           0%         N/A       100%        1
 Corpse Rot               Necr/Air       0%         N/A       100%        2
 Ensorcelled Hibernation  Hex/Ice        0%         N/A       100%        2
 Poisonous Vapours        Pois/Air       0%         N/A       100%        2
 Scorch                   Fire           0%         2d5       100%        2
 Static Discharge         Conj/Air       0%         N/A       100%        2
 Sublimation of Blood     Necr           0%         N/A       100%        2
 Call Canine Familiar     Summ           0%         N/A       100%        3
 Conjure Flame            Conj/Fire      0%         6-21      100%        3
 Frozen Ramparts          Ice            0%         1d2       100%        3
 Ignite Poison            Fire/Tmut/Pois 0%         N/A       100%        3
 Spider Form              Tmut/Pois      0%         N/A       100%        3
 Stone Arrow              Conj/Erth      0%         3d7       100%        3
 Summon Guardian Golem    Hex/Summ       0%         N/A       100%        3
 Anguish                  Hex/Necr       0%         N/A       100%        4
 Animate Armour           Summ/Erth      0%         N/A       100%        4
 Dispel Undead            Necr           0%         3d6       100%        4
 Flame Wave               Conj/Fire      0%         2d4       100%        4
 Hailstorm                Conj/Ice       0%         3d3       100%        4
 Olgreb's Toxic Radiance  Pois           0%         N/A       100%        4
 Petrify                  Tmut/Erth      0%         N/A       100%        4
 Sticky Flame             Conj/Fire      0%         2d3       100%        4
 Irradiate                Conj/Tmut      0%         3d13      100%        5
 Lightning Bolt           Conj/Air       0%         1d11      100%        5
 Death Channel            Necr           0%         N/A       100%        6
 Summon Cactus Giant      Summ           0%         N/A       100%        6
 Lehudib's Crystal Spear  Conj/Erth      0%         10d2      100%        8
 Maxwell's Capacitive Co  Air            0%         ∞         100%        8


Dungeon Overview and Level Annotations

Branches:
Dungeon (11/15)            Temple (0/1) D:5            Lair (6/6) D:11
 Shoals (0/4) Lair:3        Snake (0/4) Lair:3        Slime (0/5) Lair:6
    Orc (0/2) D:11        Volcano (visited)

Altars:
Fedhas
Nemelex Xobeh
Vehumet

Shops:
D:4 (   D:8 ?

Annotations:
Lair:1 1 runed translucent door, Zero's ghost, journeyman GnIE
Lair:2 2 runed translucent doors, drwowa's ghost, journeyman MiFi
Lair:5 1 runed translucent door


Innate Abilities, Weirdness & Mutations

You are partially covered in iridescent scales. (AC +2)
You are frail. (-10% HP)


Message History

The dream sheep bites you but does no damage.
The dream sheep barely misses you.
You hit the dream sheep.
The dream sheep is moderately wounded.
You feel very sick.
The cane toad stings you but does no damage.
You block the dream sheep's attack.
The dream sheep bites you but does no damage.
The dream sheep shake their wool and sparkle.
You feel drowsy...
You fall asleep.
You feel sick. The cane toad stings you!!!
You wake up.
* * * LOW HITPOINT WARNING * * *
You block the dream sheep's attack. x2; The dream sheep bites you.
* * * LOW HITPOINT WARNING * * *
You are too injured to fight recklessly!
You are too injured to fight recklessly!
You are too injured to fight recklessly!
You feel better.
The cane toad stings you but does no damage.
You block the dream sheep's attack. x3
You feel very mighty all of a sudden. You block the cane toad's attack.
The dream sheep bites you but does no damage. x2
You block the dream sheep's attack.
You sock the cane toad!
You feel better.
The cane toad is moderately wounded.
You block the cane toad's attack.
The cane toad stings you but does no damage.
The dream sheep barely misses you.
The dream sheep bites you but does no damage.
You block the dream sheep's attack.
You bludgeon the cane toad!!
You kill the cane toad!
The dream sheep ruffle their wool and motes of dream dust sparkle, to no effect.
The dream sheep shake their wool and sparkle.
You feel drowsy...
You fall asleep.
The dream sheep bites you but does no damage.
The dream sheep bites you!!
You die...
Your body disappears without a glow.

.............##
...............#
..^............#
..............#
#...........#
#..........##
#P..††.....#
#..@Y....#
#..YY....#
#........#
#........#
#........#
#........#
#........#
##.........
#..........


You could see 3 dream sheep.

Vanquished Creatures
  Nessos (Lair:4)
  A hydra (D:11)
  Erica (D:8)
  An ogre mage (Volcano)
  3 death yaks (Lair:2)
  3 two-headed ogres (Volcano)
  A cyclops (Volcano)
  A shining eye (Volcano)
  A moth of wrath (D:11)
  A merfolk siren (Lair:3)
  A manticore (D:11)
  Joseph (D:8)
  Maurice (D:8)
  9 black mambas
  4 cane toads
  5 elephants (Lair:6)
  A torpor snail (Lair:3)
  Maggie (D:10)
  3 rime drakes
  7 komodo dragons
  A freezing wraith (D:10)
  3 trolls
  2 polar bears
  21 blink frogs
  2 dream sheep (Lair:6)
  A shadow (D:11)
  4 wyverns
  35 yaks
  3 steam dragons
  2 basilisks
  2 fire bats (Lair:3)
  3 vampire mosquitoes (D:11)
  18 water moccasins
  A floating eye (Volcano)
  3 orc warriors
  A sky beast (D:7)
  2 ogres
  A black bear (D:6)
  14 wolves
  3 centaurs
  4 phantoms
  2 kobold brigands
  4 necrophages
  14 bullfrogs
  4 scorpions
  4 wights
  2 troll zombies (D:11)
  12 killer bees
  A howler monkey (D:6)
  14 jellies
  3 orc priests
  Crazy Yiuf (D:2)
  4 hounds
  A gnoll shaman (D:4)
  3 iguanas
  5 orc wizards
  6 ogre zombies (D:11)
  9 gnolls
  8 adders
  2 white imps
  3 ufetubi
  2 worms (D:5)
  A dart slug (D:2)
  26 orcs
  5 ball pythons
  10 endoplasms
  7 giant cockroaches
  11 goblins
  5 hobgoblins
  3 jackals
  2 quokkas (D:4)
  9 bats
  7 frilled lizards
  7 goblin skeletons (D:11)
  3 goblin zombies (D:11)
  A hobgoblin skeleton (D:11)
  A hobgoblin zombie (D:11)
  22 kobolds
  2 orc skeletons (D:11)
  9 orc zombies (D:11)
  5 rats
413 creatures vanquished.

Vanquished Creatures (collateral kills)
  A hydra (Lair:5)
  A boulder beetle (D:11)
  A two-headed ogre (D:9)
  A cane toad (Lair:4)
  An efreet (D:11)
  3 yaks (Lair:5)
  2 water moccasins
  4 wolves (Lair:5)
  3 wights (D:9)
  A gnoll shaman (D:9)
  An iguana (Lair:2)
  7 gnolls
  An adder (D:4)
  An orc zombie (D:11)
28 creatures vanquished.

Vanquished Creatures (others)
  2 kobolds (D:10)
  An orc zombie (D:11)
  13 fungi
  21 plants
37 creatures vanquished.

Grand Total: 478 creatures vanquished

Notes
Turn   | Place    | Note
-------+----------+-------------------------------------------
     0 | D:1      | Bruhh the Human Monk began the quest for the Orb.
     0 | D:1      | Reached XP level 1. HP: 18/18 MP: 1/1
   222 | D:1      | Reached XP level 2. HP: 10/24 MP: 2/2
   561 | D:1      | Reached XP level 3. HP: 28/29 MP: 3/3
   950 | D:1      | Found a faded altar of an unknown god.
  1261 | D:1      | Prayed at the altar of an unknown god.
  1261 | D:1      | Became a worshipper of Nemelex Xobeh the Trickster
  1261 | D:1      | Reached * piety under Nemelex Xobeh
  1261 | D:1      | Received a gift from Nemelex Xobeh
  1261 | D:1      | Reached ** piety under Nemelex Xobeh
  1319 | D:2      | Found a runed translucent door.
  1320 | D:2      | Noticed Crazy Yiuf
  1409 | D:2      | Reached XP level 4. HP: 6/37 MP: 4/4
  1412 | D:2      | Reached skill level 1 in Invocations
  1685 | D:2      | Reached *** piety under Nemelex Xobeh
  1695 | D:2      | Received a gift from Nemelex Xobeh
  1915 | D:2      | Reached XP level 5. HP: 42/42 MP: 6/6
  2059 | D:2      | Killed Crazy Yiuf
  2564 | D:3      | Reached **** piety under Nemelex Xobeh
  2927 | D:4      | Found Tasuyh's Weapon Emporium.
  2960 | D:4      | Reached XP level 6. HP: 31/50 MP: 8/8
  3217 | D:4      | Reached skill level 5 in Fighting
  3520 | D:4      | Reached skill level 1 in Axes
  3665 | D:4      | Reached XP level 7. HP: 42/56 MP: 10/10
  4009 | D:4      | Reached skill level 5 in Invocations
  4074 | D:4      | Found a radiant altar of Vehumet.
  4557 | D:5      | Entered Level 5 of the Dungeon
  4563 | D:5      | Found a radiant altar of Vehumet.
  4653 | D:5      | Found a blossoming altar of Fedhas.
  4655 | D:5      | Found a staircase to the Ecumenical Temple.
  4823 | D:5      | Reached XP level 8. HP: 58/62 MP: 12/12
  4926 | D:5      | Received a gift from Nemelex Xobeh
  5161 | D:5      | Reached skill level 5 in Axes
  5472 | D:6      | Reached XP level 9. HP: 29/68 MP: 14/14
  5822 | D:6      | Received a gift from Nemelex Xobeh
  6117 | D:6      | Reached ***** piety under Nemelex Xobeh
  6798 | D:7      | Received a gift from Nemelex Xobeh
  7531 | D:7      | Received a gift from Nemelex Xobeh
  7544 | D:7      | Reached XP level 10. HP: 36/74 MP: 17/17
  8056 | D:8      | Reached skill level 10 in Invocations
  8213 | D:8      | Noticed Maurice
  8641 | D:8      | Noticed Joseph
  8651 | D:8      | Killed Joseph
  8897 | D:8      | Reached skill level 1 in Shields
  9317 | D:8      | Noticed Erica
  9325 | D:8      | Killed Erica
  9392 | D:8      | Found Erilooq's Magic Scroll Emporium.
  9888 | D:8      | Killed Maurice
 10551 | D:9      | Noticed a two-headed ogre
 10559 | D:9      | Killed a two-headed ogre
 10560 | D:9      | Reached XP level 11. HP: 78/83 MP: 18/18
 10607 | D:9      | Received a gift from Nemelex Xobeh
 11129 | D:9      | Received a gift from Nemelex Xobeh
 11241 | D:9      | Reached skill level 5 in Shields
 12411 | D:10     | Entered Level 10 of the Dungeon
 12479 | D:10     | Received a gift from Nemelex Xobeh
 12513 | D:10     | Identified a scroll of acquirement
 12513 | D:10     | Acquired the +10 morningstar "Odghi Xoetz" {vamp, rF+ SInv}
 12844 | D:10     | Noticed Maggie
 12864 | D:10     | Killed Maggie
 13781 | D:11     | Noticed a manticore
 13788 | D:11     | Killed a manticore
 13870 | D:11     | Noticed a boulder beetle
 13954 | D:11     | Killed a boulder beetle
 14004 | D:11     | Found a staircase to the Orcish Mines.
 14004 | D:11     | Received a gift from Nemelex Xobeh
 14292 | D:11     | Reached ****** piety under Nemelex Xobeh
 14396 | D:11     | Reached XP level 12. HP: 74/97 MP: 19/19
 14511 | D:11     | Found a staircase to the Lair.
 14518 | D:11     | Noticed a five-headed hydra
 14518 | D:11     | Noticed a two-headed ogre
 14530 | D:11     | Killed a one-headed hydra
 14531 | D:11     | Reached skill level 10 in Fighting
 14532 | D:11     | a two-headed ogre changed into a moth of wrath
 14730 | Lair:1   | Entered Level 1 of the Lair of Beasts
 14845 | Lair:1   | Found a runed translucent door.
 14848 | Lair:1   | Noticed Zero's ghost (journeyman GnIE)
 14959 | Lair:1   | Reached skill level 1 in Armour
 15021 | Lair:1   | Received a gift from Nemelex Xobeh
 15353 | Lair:2   | Found a dark tunnel.
 15430 | Volcano  | Entered a volcano
 15452 | Volcano  | Noticed a hell knight
 15452 | Volcano  | Noticed a two-headed ogre
 15454 | Volcano  | Killed a two-headed ogre
 15455 | Volcano  | Reached skill level 10 in Shields
 15467 | Volcano  | a hell knight changed into a shining eye
 15470 | Volcano  | Gained mutation: You are dopey. (Int -2) [a shining eye]
 15475 | Volcano  | Gained mutation: Your magical capacity is low. (-10% MP) [a
                  | shining eye]
 15481 | Volcano  | Lost mutation: You are dopey. (Int -2) [potion of mutation]
 15481 | Volcano  | Lost mutation: Your magical capacity is low. (-10% MP)
                  | [potion of mutation]
 15481 | Volcano  | Gained mutation: You are weak. (Str -2) [potion of
                  | mutation]
 15482 | Volcano  | Lost mutation: You are weak. (Str -2) [potion of mutation]
 15482 | Volcano  | Gained mutation: You are frail. (-10% HP) [potion of
                  | mutation]
 15482 | Volcano  | Gained mutation: You are partially covered in iridescent
                  | scales. (AC +2) [potion of mutation]
 15518 | Volcano  | Noticed an ogre mage
 15519 | Volcano  | Noticed a two-headed ogre
 15528 | Volcano  | Killed an ogre mage
 15528 | Volcano  | Killed a two-headed ogre
 15530 | Volcano  | Noticed a two-headed ogre
 15532 | Volcano  | Noticed a two-headed ogre
 15536 | Volcano  | a two-headed ogre changed into a cyclops
 15536 | Volcano  | a two-headed ogre changed into a floating eye
 15541 | Volcano  | Paralysed by a floating eye for 4 turns
 15542 | Volcano  | Reached skill level 5 in Armour
 15645 | Volcano  | Noticed a two-headed ogre
 15650 | Volcano  | Killed a two-headed ogre
 15832 | Lair:2   | Received a gift from Nemelex Xobeh
 15957 | Lair:2   | Noticed a death yak
 15958 | Lair:2   | Noticed a death yak
 15958 | Lair:2   | Noticed a death yak
 15972 | Lair:2   | Noticed a soul eater
 15980 | Lair:2   | Killed a death yak
 15983 | Lair:2   | Killed a death yak
 16271 | Lair:2   | Killed a death yak
 16272 | Lair:2   | Reached XP level 13. HP: 29/92 MP: 20/20
 16394 | Lair:2   | Received a gift from Nemelex Xobeh
 16571 | Lair:2   | Found a large runed translucent door.
 16571 | Lair:2   | Found a large runed translucent door.
 16574 | Lair:2   | Noticed drwowa's ghost (journeyman MiFi)
 17277 | Lair:3   | Found a staircase to the Shoals.
 17864 | Lair:3   | Reached skill level 10 in Armour
 18251 | Lair:3   | Received a gift from Nemelex Xobeh
 18815 | Lair:3   | Found a staircase to the Snake Pit.
 18823 | Lair:3   | Reached skill level 1 in Evocations
 19407 | Lair:4   | Noticed Nessos
 19417 | Lair:4   | Killed Nessos
 19419 | Lair:4   | Reached skill level 5 in Maces & Flails
 19668 | Lair:4   | Received a gift from Nemelex Xobeh
 20131 | Lair:5   | Reached XP level 14. HP: 56/99 MP: 21/21
 20477 | Lair:5   | Received a gift from Nemelex Xobeh
 20538 | Lair:5   | Reached skill level 5 in Evocations
 20992 | Lair:5   | Found a runed translucent door.
 21250 | Lair:6   | Entered Level 6 of the Lair of Beasts
 21255 | Lair:6   | Found a staircase to the Slime Pits.
 21397 | Lair:6   | Received a gift from Nemelex Xobeh
 21838 | Lair:6   | Mangled by a dream sheep

Illustrated notes

Levels and vault maps discovered:
D:1:      lightli_arrival_windingriver, layout_basic,
          ebering_ecumenical_altar_rust, serial_curves, eino_curves_01,
          eino_curves_01, hangedman_decor_riveting, minmay_pentomino_p4
D:2:      layout_basic, uniq_crazy_yiuf_cottage
D:3:      layout_basic, nicolae_elevator_lobby_asterisk
D:4:      layout_basic, lemuel_tele_altar, serial_shops,
          nicolae_shop_bloodbath_and_beyond
D:5:      nicolae_cairo_tiling_very_big, layout_rooms,
          cheibrodos_sewer_entry_bend, hangedman_feature_mirror
D:6:      layout_loops_corners
D:7:      layout_cave_pods
D:8:      layout_basic, serial_shops, nicolae_shop_stone,
          hangedman_decor_opposing, uniq_erica, uniq_joseph, uniq_maurice
D:9:      layout_grid_maze
D:10:     layout_rooms, abandoned_shop, minivault_19, uniq_maggie
D:11:     layout_roguey, lair_entry_dummy, zombieorc2_lemuel
Lair:1:   layout_misc_corridors, ebering_ghost_inner_flame, lemuel_fruit_tree
Lair:2:   layout_loops_ring, enter_volcano_1, ebering_ghost_disaster_area,
          lemuel_fruit_fields, serial_bayou_shore_a
Lair:3:   layout_gridlike, minmay_shoals_entry_lonely_mermaid,
          minmay_snake_entry_six_corridors
Lair:4:   layout_misc_corridors, cheibrodos_lair_caveside_slide,
          chequers_serial_rivers_micro_a, nicolae_quartered_pool_little,
          uniq_nessos
Lair:5:   dreamdust_labyrinth, layout_gridlike, portal_ice_cave_rime,
          infiniplex_staircase_pool_2
Lair:6:   cheibrodos_lair_end_hotspot, layout_big_grid,
          minmay_slime_entry_jelly_boxes

Skill      XL: |  1  2  3  4  5  6  7  8  9 10 11 12 13 14 |
---------------+-------------------------------------------+-----
Stealth        | 3 |  3.0
Invocations    | 2 3 4 5 7 9 10 | 10.3
Fighting       | 4 5 6 9 10 | 10.0
Axes           | 1 3 5 8 9 |  9.7
Shields        | 4 8 10 | 10.0
Armour         | 7 10 | 10.8
Maces & Flails | 5 8 |  8.3
Evocations     | 4 7 |  7.1
Dodging        | |  3.0

Action                   |  1- 3 |  4- 6 |  7- 9 | 10-12 | 13-15 || total
-------------------------+-------+-------+-------+-------+-------++-------
Melee: Mace              |    74 |    72 |       |       |       ||   146
       Punch             |     2 |     1 |     1 |       |       ||     4
       Hand axe          |       |    40 |   235 |   196 |     4 ||   475
       Morningstar       |       |    15 |       |   160 |   503 ||   678
       Unarmed           |       |       |       |     4 |       ||     4
       Broad axe         |       |       |       |    96 |     7 ||   103
Invok: Draw Destruction  |       |     4 |    12 |    49 |     3 ||    68
       Draw Summoning    |       |     1 |     1 |    11 |     2 ||    15
       Draw Escape       |       |     1 |     1 |     4 |     2 ||     8
Evoke: Wand              |       |       |       |     5 |       ||     5
  Use: Potion            |       |       |       |    14 |     5 ||    19
       Scroll            |       |       |       |    17 |     3 ||    20
 Stab: Sleeping          |     4 |     7 |     5 |     4 |       ||    20
       Distracted        |       |     1 |       |     2 |       ||     3
       Petrified         |       |       |       |     1 |       ||     1
Armor: Robe              |    18 |       |       |       |       ||    18
       Leather armour    |    18 |    59 |    49 |       |       ||   126
       Steam dragon scal |       |       |    45 |    73 |       ||   118
       Skin              |       |       |       |     5 |       ||     5
       Chain mail        |       |       |       |    45 |       ||    45
       Troll leather arm |       |       |       |    50 |     3 ||    53
       Plate armour      |       |       |       |       |   511 ||   511
Dodge: Dodged            |    51 |    92 |   145 |   236 |   151 ||   675
Block: Kite shield       |       |       |       |   302 |   512 ||   814

Table legend: (Time is in decaauts)
 A = Elapsed time spent in this place.
 B = Non-inter-level travel time spent in this place.
 C = Inter-level travel time spent in this place.
 D = Time resting spent in this place.
 E = Time spent auto-exploring this place.
 F = Levels seen in this place.
 G = Mean time per level.
                   A        B        C        D        E       F      G
               +--------+--------+--------+--------+--------+-----+--------+
         Total |  22125 |  21465 |    660 |   2137 |  15663 |  18 | 1229.2 |
       Dungeon |  14835 |  14317 |    518 |   1102 |  11005 |  11 | 1348.6 |
          Lair |   6917 |   6775 |    142 |   1035 |   4440 |   6 | 1152.8 |
       Volcano |    373 |    373 |      0 |      0 |    218 |   1 |  373.0 |
               +--------+--------+--------+--------+--------+-----+--------+

Top non-repeatable levels by time:
  Lair:2: 2020 daAuts
     D:8: 1984 daAuts
     D:9: 1870 daAuts
     D:7: 1790 daAuts
     D:4: 1671 daAuts
  Lair:3: 1500 daAuts
    D:10: 1403 daAuts
     D:6: 1347 daAuts
     D:1: 1286 daAuts
  Lair:5: 1267 daAuts
    D:11: 995 daAuts
  Lair:1: 885 daAuts
     D:2: 849 daAuts
     D:5: 834 daAuts
     D:3: 802 daAuts
